 Dungeon Crawl Stone Soup version 0.30-a0-743-gbfdf073431 (webtiles) character file.

Game seed: 13352289394088899389

5565 Iich the Cleaver (level 10, -4/96 HPs)
             Began as a Minotaur Fighter on Feb 5, 2023.
             Was an Initiate of Gozag.
             Slain by a fire elemental (13 damage)
             ... summoned by a deep elf pyromancer
             ... on level 9 of the Dungeon.
             The game lasted 00:14:32 (7759 turns).

Iich the Cleaver (Minotaur Fighter)                 Turns: 7759, Time: 00:14:33

Health: -4/96      AC: 15    Str: 28    XL:     10   Next: 44%
Magic:  9/9        EV:  8    Int:  8    God:    Gozag
Gold:   240        SH:  5    Dex: 13    Spells: 9/9 levels left

rFire   . . .      SeeInvis .    L - +3 broad axe (venom)
rCold   + . .      Faith    .    c - +0 buckler
rNeg    . . .      Spirit   .    K - +3 chain mail {rC+}
rPois   .          Reflect  .    (helmet restricted)
rElec   .          Harm     .    C - +0 cloak
rCorr   .          Rampage  .    (no gloves)
Will    .....                    k - +1 pair of boots Stlth
                                 (no amulet)
HPRegen 0.36/turn                o - +6 ring of strength
MPRegen 0.11/turn                x - ring "Rucyfuc" {Int+3 Slay+4}

@: gold aura
A: horns 2, retaliatory headbutt
a: Renounce Religion, Potion Petition, Call Merchant, Bribe Branch


You were on level 9 of the Dungeon.
You worshipped Gozag.
Gozag was aware of your devotion.
You visited 2 branches of the dungeon, and saw 10 of its levels.

You collected 1074 gold pieces.
You spent 764 gold pieces at shops.
You paid 70 gold pieces to Gozag.

Inventory:

Hand Weapons
 u - a +4 broad axe
 L - a +3 broad axe of venom (weapon)
Armour
 a - a +2 tower shield
 b - a +0 scale mail
 c - a +0 buckler (worn)
 k - a +1 pair of boots (worn)
 v - a scarf of harm
 C - a +0 cloak (worn)
 J - a +1 chain mail of poison resistance
 K - a +3 chain mail of cold resistance (worn)
Jewellery
 l - a ring of flight
 o - a +6 ring of strength (left hand)
 x - the ring "Rucyfuc" (right hand) {Int+3 Slay+4}
   (You found it on level 3 of the Dungeon)

   [ring of slaying]

   Int:       It affects your intelligence (+3).
   Slay:      It affects your accuracy & damage with ranged weapons and melee
   (+4).
Wands
 j - a wand of digging (4)
 n - a wand of charming (16)
 t - a wand of flame (10)
Scrolls
 h - 2 scrolls of teleportation
 p - a scroll of noise
 r - a scroll of butterflies
 w - 2 scrolls of immolation
 y - 3 scrolls of magic mapping
 z - a scroll of fog
 B - 4 scrolls of fear
 F - a scroll of vulnerability
 G - a scroll of poison
 H - 4 scrolls of identify
Potions
 d - a potion of might
 e - a potion of curing
 f - 5 potions of brilliance
 g - 2 potions of invisibility
 i - a potion of attraction
 m - a potion of degeneration
 q - a potion of flight {unknown}
 s - 2 potions of mutation {unknown}
 A - a potion of haste
 D - a potion of cancellation {unknown}
 E - a potion of lignification {unknown}
 I - a potion of ambrosia {unknown}


   Skills:
 + Level 11.2 Fighting
 * Level 14.9 Axes
 - Level 3.6 Armour
 + Level 5.1 Shields


You had 9 spell levels left.
You didn't know any spells.
Your spell library contained the following spells:

 Spells                   Type           Power      Damage    Failure   Level
 Kiss of Death            Conj/Necr      0%         2d5       97%         1
 Slow                     Hex            0%         N/A       97%         1
 Confusing Touch          Hex            0%         N/A       100%        3
 Vampiric Draining        Necr           0%         2d6       100%        3
 Dispel Undead            Necr           0%         3d6       100%        4
 Haunt                    Necr/Summ      0%         N/A       100%        7
 Infestation              Necr           0%         N/A       100%        8
 Animate Dead             Necr           Unusable   N/A       N/A         4

Dungeon Overview and Level Annotations

Branches:
Dungeon (9/15)             Temple (1/1) D:5
   Lair: D:8-11         Orc: D:9-12

Altars:
Ashenzari
Cheibriados
Fedhas
Gozag
Hepliaklqana
Makhleb
Nemelex Xobeh
Okawaru
Sif Muna
Vehumet
Xom
Yredelemnul

Shops:
D:1 *   D:4 [


Innate Abilities, Weirdness & Mutations

You have a pair of horns on your head.
You reflexively headbutt those who attack you in melee.


Message History

Your orc warrior misses something.
You hear some strange, mumbled words.
You are confused.
The deep elf pyromancer casts a spell.
You bump into the metal wall.
The fire elemental hits you. The fire elemental burns you!
* * * LOW HITPOINT WARNING * * *
The deep elf pyromancer is distracted by your dazzling golden aura.
Your orc warrior hits something with a +0 scimitar!
Reactivating autopickup.
You feel a bit more experienced.
The fire elemental is distracted by your dazzling golden aura.
The fire elemental hits you. The fire elemental burns you!
* * * LOW HITPOINT WARNING * * *
The fire elemental barely misses you.
The deep elf pyromancer shouts!
You feel better. The fire elemental hits you. The fire elemental burns you!
* * * LOW HITPOINT WARNING * * *
The fire elemental barely misses you. You furiously retaliate!
You headbutt the fire elemental.
You feel better.
The fire elemental is no longer distracted by gold.
The deep elf pyromancer is no longer distracted by gold.
The fire elemental hits you. The fire elemental burns you!
* * * LOW HITPOINT WARNING * * *
The fire elemental hits you. The fire elemental burns you!
* * * LOW HITPOINT WARNING * * *
The deep elf pyromancer hits you but does no damage.
You feel better. The fire elemental hits you. The fire elemental burns you!
* * * LOW HITPOINT WARNING * * *
The fire elemental hits you. The fire elemental burns you!
* * * LOW HITPOINT WARNING * * *
The fire elemental hits you. The fire elemental burns you!
* * * LOW HITPOINT WARNING * * *
The deep elf pyromancer hits you with a +0 dagger.
* * * LOW HITPOINT WARNING * * *
Your orc warrior misses the deep elf pyromancer.
The fire elemental hits you. The fire elemental burns you!
You die...
Your body crumbles into a pile of gold.

#..##.#.._.....#.#.....
#..##.......##.#.#.##.#
.#..##.#........#......#
.............#..###.####
##...........#..###.#
!.####$'####........# $
#...$$$..#....##### $
#.##E$##.#...## # #o@#
#...# #...EeE○.#..##
#...)[...#?.# ######
#.##..##.#..#####.....
#. #..# .#..#........# #
.... #..#...#.##.#
####++####.........#.#
#....(................
##....................


You could see a deep elf pyromancer (ally target), 3 fire elementals and a
friendly orc warrior (charmed).

Vanquished Creatures
  Pikel (D:4)
  Grinder (D:5)
  A slime creature (D:9)
  Sigmund (D:2)
  17 yaks
  Edmund (D:6)
  2 water moccasins
  An orc warrior (D:8)
  A sky beast (D:7)
  2 ice beasts
  2 centaurs (D:9)
  A phantom (D:6)
  2 kobold brigands
  A necrophage (D:6)
  3 scorpions
  An orc priest (D:8)
  2 hounds (D:5)
  3 jellies
  Crazy Yiuf (D:4)
  4 iguanas
  3 iron imps (D:8)
  5 orc wizards
  Robin (D:3)
  4 adders
  6 gnolls
  A shadow imp (D:7)
  4 white imps
  An ufetubus (D:4)
  2 worms
  5 dart slugs
  26 orcs
  3 ball pythons
  6 endoplasms
  2 giant cockroaches
  18 goblins
  9 hobgoblins
  3 jackals (D:1)
  23 kobolds
  2 quokkas
  3 bats
  3 frilled lizards
  2 rats
  8 bushes (D:3)
188 creatures vanquished.

Vanquished Creatures (collateral kills)
  An orc wizard (D:9)
1 creature vanquished.

Vanquished Creatures (others)
  An orc (D:9)
  4 fungi (D:8)
  8 plants (D:3)
13 creatures vanquished.

Grand Total: 202 creatures vanquished

Notes
Turn   | Place    | Note
-------+----------+-------------------------------------------
     0 | D:1      | Iich the Minotaur Fighter began the quest for the Orb.
     0 | D:1      | Reached XP level 1. HP: 19/19 MP: 0/0
   216 | D:1      | Reached skill level 3 in Axes
   310 | D:1      | Reached XP level 2. HP: 26/27 MP: 1/1
   656 | D:1      | Found Moxzuq Wisk's Assorted Antiques.
   663 | D:1      | Bought a scroll labelled GIMOERURIPS for 29 gold pieces
   892 | D:2      | Reached XP level 3. HP: 33/33 MP: 2/2
   972 | D:2      | Found a faded altar of an unknown god.
  1173 | D:1      | Bought a scroll labelled SIKIYFREOBB for 29 gold pieces
  1173 | D:1      | Bought a bubbling clear potion for 26 gold pieces
  1475 | D:2      | Noticed Sigmund
  1490 | D:2      | Killed Sigmund
  1491 | D:2      | Reached skill level 5 in Fighting
  1491 | D:2      | Reached skill level 5 in Axes
  1491 | D:2      | Reached XP level 4. HP: 42/42 MP: 3/3
  1491 | D:2      | Reached XP level 5. HP: 48/48 MP: 4/4
  1676 | D:3      | Identified the +0 robe of Monotheism {Contam +Inv Str+7}
  1906 | D:3      | Identified the ring "Rucyfuc" {Int+3 Slay+4}
  1932 | D:3      | Reached skill level 6 in Axes
  1973 | D:3      | Noticed Robin
  1987 | D:3      | Killed Robin
  2402 | D:3      | Upgraded the game from 0.30-a0-739-gea05faddec to
                  | 0.30-a0-743-gbfdf073431
  2825 | D:4      | Found Osuanong's Antique Armour Boutique.
  2884 | D:4      | Reached XP level 6. HP: 50/56 MP: 5/5
  3010 | D:4      | Found a runed translucent door.
  3011 | D:4      | Noticed Crazy Yiuf
  3410 | D:4      | Noticed Pikel
  3426 | D:4      | Killed Pikel
  3427 | D:4      | Reached skill level 8 in Axes
  3427 | D:4      | Reached XP level 7. HP: 21/64 MP: 6/6
  3824 | D:4      | Killed Crazy Yiuf
  3908 | D:5      | Entered Level 5 of the Dungeon
  3924 | D:5      | Noticed a yak
  3925 | D:5      | Noticed a yak
  3925 | D:5      | Noticed a yak
  3926 | D:5      | Noticed a yak
  3927 | D:5      | Noticed a yak
  3928 | D:5      | Killed a yak
  3929 | D:5      | Reached skill level 9 in Axes
  3934 | D:5      | Killed a yak
  3935 | D:5      | Reached XP level 8. HP: 73/73 MP: 7/7
  3939 | D:5      | Reached skill level 10 in Axes
  4115 | D:5      | Reached skill level 11 in Axes
  4176 | D:5      | Found a sparkling altar of Nemelex Xobeh.
  4180 | D:5      | Noticed Grinder
  4190 | D:5      | Paralysed by Grinder for 3 turns
  4196 | D:5      | Killed Grinder
  4295 | D:5      | Reached XP level 9. HP: 71/82 MP: 8/8
  4396 | D:5      | Found a snail-covered altar of Cheibriados.
  4456 | D:5      | Found a staircase to the Ecumenical Temple.
  4474 | Temple   | Entered the Ecumenical Temple
  4502 | Temple   | Became a worshipper of Gozag Ym Sagoz the Greedy
  4790 | D:1      | Bought a scroll labelled YLAECZ FUOM for 29 gold pieces
  4925 | D:6      | You are sucked into a shaft and drop 3 floors!
  4966 | D:8      | Reached skill level 12 in Axes
  5253 | D:6      | Noticed Edmund
  5258 | D:6      | Killed Edmund
  5309 | D:6      | Reached skill level 13 in Axes
  5310 | D:6      | Reached skill level 10 in Fighting
  5644 | D:6      | Found a shimmering blue altar of Sif Muna.
  5778 | D:6      | Found a broken altar of Ashenzari.
  5835 | D:6      | Found a basalt altar of Yredelemnul.
  6130 | D:4      | Bought a runed chain mail for 217 gold pieces
  6130 | D:4      | Bought a runed chain mail for 217 gold pieces
  6676 | D:8      | Reached skill level 14 in Axes
  6736 | D:8      | Found a hazy altar of Hepliaklqana.
  6748 | D:8      | Reached XP level 10. HP: 94/94 MP: 9/9
  6887 | D:4      | Bought a glowing tower shield for 217 gold pieces
  7391 | D:8      | Found a burning altar of Makhleb.
  7615 | D:9      | Found a radiant altar of Vehumet.
  7615 | D:9      | Found a shimmering altar of Xom.
  7742 | D:9      | Noticed a deep elf pyromancer
  7754 | D:9      | Reached skill level 5 in Shields
  7759 | D:9      | Slain by a fire elemental

Illustrated notes

Levels and vault maps discovered:
D:1:      dpeg_arrival_round_c, layout_basic, serial_shops, shop
D:2:      layout_loops_cross, hellmonk_ecumenical_altar_slurped_away,
          uniq_sigmund
D:3:      corexii_shack_village, layout_basic, lexackson_kobold_supper,
          uniq_robin
D:4:      wander_river, layout_basic, serial_shops, kennysheep_little_box,
          minmay_parallelograms, uniq_pikel, uniq_crazy_yiuf_cottage
D:5:      layout_basic, cheibrodos_worm_habitat, old_standard_altar,
          minmay_temple_entry_crystal_x, uniq_grinder
D:6:      layout_rooms, mainiacjoe_overflow_surrounded_room,
          mainiacjoe_overflow_catwalk_spiral, nicolae_benzene_ring, uniq_edmund
D:7:      layout_basic
D:8:      layout_basic, mainiacjoe_overflow_chevrons, demons_altar
D:9:      layout_loops_cross, chequers_temple_overflow_statue_of_worship,
          david_orc_2, kennysheep_generic_room_5
Temple:   hc_temple_tempest_star

Skill      XL: |  1  2  3  4  5  6  7  8  9 10 |
---------------+-------------------------------+-----
Axes           | 3 5 6 8 9 11 14 | 14.9
Fighting       | 4 5 6 7 8 10 11 | 11.2
Shields        | 5 |  5.1
Armour         | |  3.6

Action                     |  1- 3 |  4- 6 |  7- 9 | 10-12 || total
---------------------------+-------+-------+-------+-------++-------
  Melee: War axe           |    54 |    15 |       |       ||    69
         Headbutt          |     4 |    62 |    25 |     7 ||    98
         Broad axe         |       |   176 |   139 |    45 ||   360
  Evoke: Wand              |     1 |     6 |       |     1 ||     8
    Use: Potion            |     2 |     2 |     7 |     3 ||    14
         Scroll            |       |     8 |     8 |       ||    16
 Armour: Scale mail        |    18 |    24 |       |       ||    42
         Chain mail        |       |     7 |    62 |    36 ||   105
  Dodge: Dodged            |    21 |    31 |    38 |    22 ||   112
  Block: Buckler           |     8 |    11 |    25 |    11 ||    55

Table legend: (Time is in decaauts)
 A = Elapsed time spent in this place.
 B = Non-inter-level travel time spent in this place.
 C = Inter-level travel time spent in this place.
 D = Time resting spent in this place.
 E = Time spent auto-exploring this place.
 F = Levels seen in this place.
 G = Mean time per level.
                   A        B        C        D        E       F      G
               +--------+--------+--------+--------+--------+-----+--------+
         Total |   7853 |   7016 |    837 |    202 |   5526 |  10 |  785.3 |
       Dungeon |   7803 |   6966 |    837 |    202 |   5510 |   9 |  867.0 |
        Temple |     49 |     49 |      0 |      0 |     16 |   1 |   49.0 |
               +--------+--------+--------+--------+--------+-----+--------+

Top non-repeatable levels by time:
     D:4: 1474 daAuts
     D:3: 1040 daAuts
     D:1: 1036 daAuts
     D:6: 897 daAuts
     D:8: 810 daAuts
     D:5: 790 daAuts
     D:7: 785 daAuts
     D:2: 755 daAuts
     D:9: 214 daAuts
  Temple: 49 daAuts
